Map: Acropolis LE

Players

Smeeeger - Winner!

  • Race: Protoss Protoss
  • League: Platinum
  • Spawn Location: 5:00

Logi

  • Race: Terran Terran
  • Spawn Location: 11:00

VOD

Have the link to the VOD?

Description

Time

  • Played on: July 24, 2019, 7:12 p.m.
  • Length: 11:38
Show
View Real Time Build Order
Export as new Build Order

Smeeeger Protoss - Winner!

Build Orders: 1 Gate Expand, Double Forge 

Get SALT Encoding   

  12  0:01  Probe  
  13  0:13  Probe  
  14  0:18  Pylon  
  14  0:25  Probe  
  15  0:33  Probe  
  15  0:40  Gateway  
  15  0:41  Probe  
  17  0:52  Probe  
  17  0:53  Assimilator  
  18  1:04  Probe  
  19  1:16  Probe  
  20  1:26  Nexus  
  20  1:43  Cybernetics Core  
  20  1:46  Probe  
  21  1:58  Probe  
  21  1:59  Warp Gate  
  22  2:10  Probe  
  22  2:11  Pylon  
  23  2:18  Gateway  
  23  2:23  Stalker  
  25  2:33  Probe  
  26  2:45  Probe x2  
  28  2:57  Probe x2  
  32  3:00  Pylon  
  32  3:09  Probe  
  33  3:14  Probe, Sentry  
  34  3:21  Probe  
  34  3:22  Probe, Pylon  
  36  3:33  Probe  
  37  3:37  Probe  
  38  3:43  Robotics Facility  
  38  3:45  Probe  
  39  3:49  Probe  
  40  3:57  Probe  
  40  4:01  Probe  
  40  4:02  Adept x2  
  45  4:09  Probe  
  46  4:12  Pylon  
  46  4:13  Probe, Assimilator, Pylon  
  46  4:16  Assimilator  
  47  4:29  Forge  
  47  4:31  Forge  
  47  4:32  Probe x2  
  49  4:44  Probe  
  50  5:05  Immortal  
  54  5:11  Protoss Ground Weapons Level 1, Protoss Ground Armor Level 1  
  54  5:14  Adept x2  
  56  5:20  Pylon  
  58  5:22  Pylon  
  58  5:24  Stargate  
  58  5:25  Gateway  
  58  5:26  Assimilator  
  58  5:27  Gateway  
  58  5:30  Gateway  
  58  5:37  Probe  
  58  5:38  Probe  
  60  5:48  Observer  
  62  5:50  Probe  
  62  6:07  Sentry  
  62  6:09  Immortal  
  68  6:26  Fleet Beacon  
  68  6:27  Zealot  
  68  6:28  Zealot x3  
  76  6:39  Robotics Facility  
  76  6:42  Robotics Bay  
  76  6:48  Warp Prism  
  78  6:56  Shield Battery  
  78  6:57  Shield Battery, Pylon  
  78  6:59  Pylon  
  78  7:03  Stalker  
  78  7:04  Stalker x3  
  78  7:05  Stalker  
  88  7:23  Nexus, Shield Battery, Photon Cannon  
  88  7:27  Shield Battery, Photon Cannon  
  88  7:44  Colossus x2  
  100  7:56  Zealot x3  
  100  7:57  Zealot x2  
  106  8:41  Pylon  
  106  8:42  Pylon x2  
  106  8:45  Pylon  
  106  8:46  Pylon  
  105  9:00  Phoenix  
  95  9:10  Nexus  
  84  9:43  Pylon  
  84  9:46  Pylon  
  83  9:56  Pylon  
  83  10:01  Phoenix  
  85  10:12  Pylon  
  85  10:13  Pylon  
  85  10:26  Phoenix  
  87  10:51  Pylon  
  87  11:13  Probe  
  88  11:21  Probe  
Show
View Real Time Build Order
Export as new Build Order

Logi Terran 

Build Orders: Command Center First (CC) 

Get SALT Encoding   

  12  0:02  SCV  
  13  0:14  SCV  
  14  0:27  SCV  
  15  0:46  Command Center  
  15  0:56  Supply Depot  
  15  1:01  Refinery  
  15  1:18  SCV  
  16  1:39  Barracks  
  16  1:43  SCV  
  17  1:54  Refinery  
  17  2:10  SCV  
  18  2:22  SCV x2  
  20  2:27  Barracks  
  20  2:28  Barracks Tech Lab  
  20  2:46  SCV  
  20  2:50  Concussive Shells  
  22  2:54  Orbital Command  
  21  3:02  Barracks  
  21  3:06  Marauder  
  23  3:16  Orbital Command  
  23  3:19  Barracks Tech Lab  
  23  3:29  Supply Depot  
  23  3:34  SCV  
  24  3:42  Marauder x2  
  24  3:46  SCV  
  29  3:49  SCV  
  29  3:50  Barracks  
  30  4:00  SCV  
  30  4:01  SCV  
  32  4:03  Supply Depot  
  32  4:05  Barracks Reactor  
  32  4:07  Stimpack  
  32  4:15  Factory  
  32  4:22  SCV  
  32  4:23  Supply Depot, SCV  
  34  4:28  Marine x2  
  36  4:32  Combat Shield  
  36  4:38  SCV  
  36  4:39  SCV  
  38  4:45  Barracks Reactor  
  38  4:51  Supply Depot  
  37  5:08  SCV x2  
  39  5:20  Factory Reactor, SCV  
  40  5:21  Starport  
  40  5:22  Engineering Bay  
  40  5:28  SCV  
  41  5:30  Supply Depot  
  41  5:32  SCV  
  42  5:35  Marine  
  42  5:36  Marine  
  42  5:37  Marine  
  45  5:45  Marine  
  45  5:46  Marine  
  45  5:47  Marauder  
  49  5:54  Missile Turret  
  49  6:03  Supply Depot  
  49  6:13  Marine  
  49  6:14  Marine x2, Marauder x2  
  49  6:15  Marine  
  49  6:16  Missile Turret  
  57  6:26  Supply Depot  
  57  6:31  Marine  
  57  6:32  Marine  
  59  6:35  Marauder  
  59  6:36  Refinery, Marauder  
  59  6:37  Medivac x2  
  59  6:39  Missile Turret  
  67  6:43  SCV x2  
  69  6:55  Marine x4, SCV  
  69  6:57  Marauder  
  76  7:07  Medivac x2, Terran Infantry Weapons Level 1  
  80  7:08  Missile Turret  
  80  7:20  Barracks  
  80  7:23  Supply Depot  
  80  7:25  Marine  
  80  7:26  Marine, Marauder x2  
  86  7:34  Marine x2  
  88  7:43  Marine  
  89  7:47  Supply Depot  
  89  7:51  Marine  
  89  7:52  Marine x2, Marauder x2  
  94  8:07  Barracks  
  93  8:13  Marauder  
  93  8:14  Marauder  
  44  10:22  Orbital Command  
Tags
 
Add a new tag
Caveats
  • Supply blocks, unpowered buildings, or Contaminate may cause inaccurate times.
  • Supply counts are checked every 10 seconds.